 Dungeon Crawl Stone Soup version 0.29-a0-414-g5075937ec3 (webtiles) character file.

Game seed: 501991819285103765

120 Sabo the Covered (level 4, -7/41 HPs)
             Began as a Minotaur Fighter on May 15, 2022.
             Was a Priest of Cheibriados.
             Mangled by an ogre
             ... wielding a +0 giant club
              (13 damage)
             ... on level 3 of the Dungeon.
             The game lasted 00:14:06 (2152 turns).

Sabo the Covered (Minotaur Fighter)                 Turns: 2152, Time: 00:14:06

Health: -7/41      AC:  7    Str: 27    XL:     4   Next: 75%
Magic:  3/3        EV:  9    Int: 12    God:    Cheibriados [***...]
Gold:   173        SH:  6    Dex: 19    Spells: 3/3 levels left

rFire   . . .      SeeInvis +   a - +0 war axe
rCold   . . .      Faith    .   c - +0 buckler
rNeg    . . .      Spirit   .   b - +0 scale mail
rPois   .          Reflect  .   (helmet restricted)
rElec   .          Harm     .   (no cloak)
rCorr   .          Rampage  .   (no gloves)
Will    .....                   (no boots)
Stlth   ..........              (no amulet)
HPRegen 0.13/turn               k - ring of see invisible
MPRegen 0.08/turn               (no ring)

@: very slow
A: horns 2, retaliatory headbutt
a: Renounce Religion, Bend Time, Temporal Distortion


You were on level 3 of the Dungeon.
You worshipped Cheibriados.
Cheibriados was most pleased with you.
You visited 1 branch of the dungeon, and saw 3 of its levels.

You collected 173 gold pieces.

Inventory:

Hand Weapons
 a - a +0 war axe (weapon)
 j - a +0 hunting sling
Armour
 b - a +0 scale mail (worn)
 c - a +0 buckler (worn)
Jewellery
 k - a ring of see invisible (left hand)
Scrolls
 e - a scroll of summoning
 f - a scroll of fog {unknown}
 g - 4 scrolls of teleportation
 l - a scroll of magic mapping {unknown}
 m - a scroll of silence {unknown}
Potions
 d - 3 potions of might
 h - a potion of flight {unknown}
 i - a potion of degeneration {unknown}
 n - a potion of brilliance {unknown}
 o - 2 potions of ambrosia {unknown}


   Skills:
 + Level 4.3 Fighting
 + Level 4.1 Axes
 + Level 4.6 Armour
 + Level 0.4 Dodging
 + Level 0.3 Stealth
 + Level 4.1 Shields


You had 3 spell levels left.
You didn't know any spells.
Your spell library contained the following spells:

 Spells                   Type           Power      Damage    Failure   Level
 Beastly Appendage        Tmut           0%         N/A       67%         1
 Ensorcelled Hibernation  Hex/Ice        0%         N/A       80%         2
 Passwall                 Tmut/Erth      0%         N/A       80%         2
 Wereblood                Tmut           0%         N/A       80%         2
 Dazzling Flash           Conj/Hex       0%         N/A       95%         3
 Spider Form              Tmut/Pois      0%         N/A       95%         3
 Swiftness                Air            0%         N/A       95%         3
 Agony                    Necr           0%         N/A       100%        5
 Silence                  Hex/Air        0%         N/A       100%        5


Dungeon Overview and Level Annotations

Branches:
Dungeon (3/15)

Altars:
Cheibriados


Innate Abilities, Weirdness & Mutations

You have a pair of horns on your head.
You reflexively headbutt those who attack you in melee.


Message History

You start resting.
HP restored.
As you open the door, it creaks loudly!
A bat comes into view.
The bat closely misses you.
Found a metallic sapphire potion.
The bat hits you but does no damage. x2
There is an open door here.
You closely miss the bat. The bat closely misses you. You furiously retaliate!
You headbutt the bat!
You kill the bat!
Cheibriados thoroughly appreciates the change of pace.
o - 2 metallic sapphire potions (gained 1)
You open the door.
There is an open door here.
You open the door.
There is an open door here.
You open the door.
Found 2 scrolls of teleportation.
There is an open door here.
g - 4 scrolls of teleportation (gained 2)
You open the large door.
Found 16 gold pieces.
There is a large open door here.
There is a large open door here.
Found 14 gold pieces.
You now have 173 gold pieces (gained 16).
An ogre opens the door.
The ogre shouts!
The ogre hits you with a +0 giant club!
You barely miss the ogre. Your headbutt misses the ogre.
You closely miss the ogre. You headbutt the ogre!
The ogre is heavily wounded.
The ogre hits you with a +0 giant club!!
Ouch! That really hurt!
* * * LOW HITPOINT WARNING * * *
You hit the ogre.
The ogre is severely wounded.
The ogre hits you with a +0 giant club!
You die...

.. #. ######## #.
#......###### #.##
#......#....# #..#
#.$....#....######.##
###..O@..#....##...#..#
...'...........''...'...
####...........##...##(#
#####.......##...##.#
#.....####...##..
#.....## #...###.
#......# ##### #.
####...# #. #...# #)


You could see an ogre.

Vanquished Creatures
  Jessica (D:3)
  3 adders
  A worm (D:2)
  A dart slug (D:2)
  A ball python (D:1)
  6 bats
  5 endoplasms
  4 giant cockroaches
  5 goblins
  8 hobgoblins
  3 jackals (D:2)
  2 quokkas
  2 frilled lizards
  9 kobolds
  6 rats
57 creatures vanquished.

Vanquished Creatures (others)
  A rat (D:2)
  14 toadstools (D:1)
15 creatures vanquished.

Grand Total: 72 creatures vanquished

Notes
Turn   | Place    | Note
-------+----------+-------------------------------------------
     0 | D:1      | Sabo the Minotaur Fighter began the quest for the Orb.
     0 | D:1      | Reached XP level 1. HP: 19/19 MP: 0/0
    70 | D:1      | Found a faded altar of an unknown god.
    76 | D:1      | Prayed at the altar of an unknown god.
    76 | D:1      | Became a worshipper of Cheibriados the Contemplative
    76 | D:1      | Reached * piety under Cheibriados
   255 | D:1      | Reached XP level 2. HP: 24/27 MP: 1/1
   838 | D:1      | Reached ** piety under Cheibriados
   945 | D:1      | Reached XP level 3. HP: 33/33 MP: 2/2
  1442 | D:2      | Reached *** piety under Cheibriados
  1611 | D:2      | Reached XP level 4. HP: 40/40 MP: 3/3
  1989 | D:3      | Noticed Jessica
  1995 | D:3      | Killed Jessica
  2147 | D:3      | Noticed an ogre
  2152 | D:3      | Mangled by an ogre

Illustrated notes

Levels and vault maps discovered:
D:1:      nagdon_arrival_zigzag_paths, layout_basic,
          dreamdust_ecumenical_altar_angels_and_demons
D:2:      layout_rooms
D:3:      layout_basic, grunt_nemelex_the_gamble, kennysheep_orc_chapel,
          uniq_jessica

Skill      XL: |  1  2  3  4 |
---------------+-------------+-----
Armour         | 4 |  4.6
Fighting       | 4 |  4.3
Axes           | 3 4 |  4.1
Shields        | 4 |  4.1
Dodging        | |  0.4
Stealth        | |  0.3

Action                   |  1- 3 |  4- 6 || total
-------------------------+-------+-------++-------
Melee: War axe           |    85 |    15 ||   100
       Headbutt          |     9 |     4 ||    13
  Use: Scroll            |     3 |     2 ||     5
Armor: Scale mail        |    58 |     7 ||    65
Dodge: Dodged            |    40 |    10 ||    50
Block: Buckler           |    20 |     1 ||    21

Table legend: (Time is in decaauts)
 A = Elapsed time spent in this place.
 B = Non-inter-level travel time spent in this place.
 C = Inter-level travel time spent in this place.
 D = Time resting spent in this place.
 E = Time spent auto-exploring this place.
 F = Levels seen in this place.
 G = Mean time per level.
                   A        B        C        D        E       F      G
               +--------+--------+--------+--------+--------+-----+--------+
         Total |   3023 |   3023 |      0 |    250 |      0 |   3 | 1007.7 |
       Dungeon |   3023 |   3023 |      0 |    250 |      0 |   3 | 1007.7 |
               +--------+--------+--------+--------+--------+-----+--------+

Top non-repeatable levels by time:
     D:1: 1492 daAuts
     D:2: 1066 daAuts
     D:3: 465 daAuts
